[ AOE2 MATCH · #505880628 ]
UnrankedJapanese vs Britons
Player's team · LOSS
Rival team · WIN
[ REPLAY ANALYSIS · EXTRACTED FROM THE RECORDED GAME ]
Feudal
9:16
Castle
23:57
Imperial
—
| APM avg | 64.9 |
| APM peak | 84 |
| eAPM avg | 26.8 |
| Villagers / military | 52 / 42 |
Focus
⚔️ 40.4% · 🌾 59.6%
Skirmisher ×27 · Archer ×9 · Militia ×4 · Spearman ×2
Feudal
8:25
Castle
22:04
Imperial
—
| APM avg | 56.7 |
| APM peak | 89 |
| eAPM avg | 21.8 |
| Villagers / military | 58 / 45 |
Focus
⚔️ 46.3% · 🌾 53.7%
Skirmisher ×26 · Archer ×11 · Knight ×4 · Scout Cavalry ×4
Match map
Initial resources + every placement click. Lines = walls · curves = elevation contours. ◆ gold · ⬟ stone · ● berries · ✦ relic · ◌ wall gap
Your base· Open — 5t gap
Hannibal's base· Open — 2t gap
Smoothed initial terrain · ◌ = detected wall gap · hover for details
Inputs per minute
— Nobody - - Hannibal
Build order — Nobody
First 150 of 180 actions detected
| 0:00 | Queue | Villager (Male) |
| 0:02 | Build | House |
| 0:03 | Build | House |
| 0:05 | Queue | Villager (Male) |
| 0:09 | Queue | Villager (Male) |
| 0:09 | Queue | Villager (Male) |
| 1:23 | Queue | Villager (Male) |
| 1:44 | Build | Lumber Camp |
| 1:52 | Queue | Villager (Male) |
| 2:23 | Queue | Villager (Male) |
| 2:49 | Queue | Villager (Male) |
| 2:59 | Queue | Villager (Male) |
| 3:01 | Build | House |
| 3:32 | Queue | Villager (Male) |
| 4:01 | Queue | Villager (Male) |
| 4:22 | Build | Barracks |
| 4:24 | Queue | Villager (Male) |
| 4:35 | Build | House |
| 4:50 | Queue | Villager (Male) |
| 5:14 | Queue | Villager (Male) |
| 5:14 | Queue | Villager (Male) |
| 5:37 | Queue | Villager (Male) |
| 5:59 | Build | Mining Camp |
| 6:09 | Research | Loom |
| 6:19 | Build | Mill |
| 6:39 | Queue | Villager (Male) |
| 7:02 | Research | Feudal Age |
| 7:02 | Research | Feudal Age |
| 7:02 | Research | Feudal Age |
| 7:02 | Research | Feudal Age |
| 7:15 | Queue | Militia |
| 7:18 | Build | House |
| 7:52 | Queue | Militia |
| 7:53 | Queue | Militia |
| 7:55 | Build | Palisade Wall |
| 8:07 | Queue | Militia |
| 8:24 | Build | House |
| 8:57 | Build | Palisade Wall |
| 9:07 | Queue | Villager (Male) |
| 9:16 | Age | Feudal Age |
| 9:18 | Queue | Villager (Male) |
| 9:21 | Build | Archery Range |
| 9:29 | Research | Man-at-Arms (upgrade) |
| 9:46 | Queue | Villager (Male) |
| 10:18 | Research | Double-Bit Axe |
| 10:18 | Research | Double-Bit Axe |
| 10:18 | Research | Double-Bit Axe |
| 10:24 | Build | Palisade Wall |
| 10:34 | Queue | Villager (Male) |
| 10:37 | Queue | Skirmisher |
| 10:37 | Queue | Skirmisher |
| 10:51 | Queue | Villager (Male) |
| 11:02 | Queue | Skirmisher |
| 11:06 | Queue | Villager (Male) |
| 11:08 | Build | Farm |
| 11:16 | Build | Palisade Wall |
| 11:18 | Build | Palisade Wall |
| 11:35 | Queue | Villager (Male) |
| 11:41 | Build | House |
| 11:42 | Queue | Villager (Male) |
| 12:12 | Build | Farm |
| 12:13 | Build | Farm |
| 12:16 | Queue | Skirmisher |
| 12:22 | Build | Lumber Camp |
| 12:31 | Build | Blacksmith |
| 12:35 | Build | Farm |
| 12:54 | Build | Palisade Wall |
| 13:01 | Build | Farm |
| 13:06 | Build | Farm |
| 13:12 | Queue | Villager (Male) |
| 13:14 | Queue | Archer |
| 13:14 | Queue | Archer |
| 13:15 | Queue | Archer |
| 13:28 | Queue | Archer |
| 13:39 | Build | Farm |
| 13:49 | Build | Farm |
| 13:49 | Queue | Villager (Male) |
| 13:51 | Build | House |
| 13:53 | Build | House |
| 14:01 | Research | Fletching |
| 14:01 | Research | Fletching |
| 14:10 | Build | House |
| 14:13 | Build | Farm |
| 14:22 | Build | Farm |
| 14:26 | Queue | Villager (Male) |
| 14:27 | Build | Farm |
| 14:32 | Build | Farm |
| 14:54 | Build | Farm |
| 14:56 | Queue | Archer |
| 14:56 | Queue | Archer |
| 15:04 | Build | Farm |
| 15:05 | Queue | Villager (Male) |
| 15:05 | Queue | Villager (Male) |
| 15:14 | Build | House |
| 15:15 | Build | House |
| 15:32 | Research | Padded Archer Armor |
| 15:33 | Queue | Skirmisher |
| 15:41 | Build | House |
| 15:51 | Build | House |
| 16:06 | Queue | Villager (Male) |
| 16:08 | Queue | Skirmisher |
| 16:21 | Queue | Villager (Male) |
| 16:24 | Build | Farm |
| 16:33 | Queue | Skirmisher |
| 16:42 | Build | House |
| 16:44 | Queue | Villager (Male) |
| 17:14 | Queue | Villager (Male) |
| 17:19 | Build | Archery Range |
| 17:27 | Queue | Villager (Male) |
| 17:29 | Queue | Villager (Male) |
| 17:30 | Queue | Skirmisher |
| 17:31 | Queue | Spearman |
| 17:39 | Queue | Villager (Male) |
| 17:45 | Queue | Spearman |
| 17:49 | Queue | Archer |
| 17:51 | Build | Farm |
| 17:51 | Queue | Villager (Male) |
| 17:53 | Build | Palisade Wall |
| 17:58 | Research | Wheelbarrow |
| 17:58 | Research | Wheelbarrow |
| 18:05 | Queue | Villager (Male) |
| 18:21 | Queue | Skirmisher |
| 18:23 | Queue | Villager (Male) |
| 18:37 | Queue | Archer |
| 18:38 | Queue | Villager (Male) |
| 18:48 | Queue | Villager (Male) |
| 18:48 | Queue | Skirmisher |
| 18:49 | Queue | Skirmisher |
| 19:08 | Queue | Villager (Male) |
| 19:16 | Queue | Villager (Male) |
| 19:19 | Queue | Archer |
| 19:25 | Build | House |
| 20:06 | Build | Farm |
| 20:16 | Build | Archery Range |
| 20:34 | Queue | Skirmisher |
| 20:46 | Queue | Skirmisher |
| 20:47 | Queue | Skirmisher |
| 20:48 | Queue | Skirmisher |
| 20:50 | Queue | Skirmisher |
| 21:18 | Research | Castle Age |
| 21:18 | Research | Castle Age |
| 21:18 | Research | Castle Age |
| 21:18 | Research | Castle Age |
| 21:19 | Queue | Skirmisher |
| 21:19 | Queue | Skirmisher |
| 21:19 | Queue | Skirmisher |
| 21:19 | Queue | Skirmisher |
| 21:20 | Queue | Skirmisher |
| 21:26 | Queue | Skirmisher |
| 21:34 | Queue | Skirmisher |
Build order — Hannibal
First 150 of 192 actions detected
| 0:00 | Queue | Villager (Male) |
| 0:00 | Queue | Villager (Male) |
| 0:02 | Build | House |
| 0:10 | Queue | Villager (Male) |
| 0:10 | Queue | Villager (Male) |
| 1:18 | Queue | Villager (Male) |
| 1:29 | Build | House |
| 1:30 | Build | House |
| 1:32 | Queue | Villager (Male) |
| 1:57 | Queue | Villager (Male) |
| 2:15 | Build | Lumber Camp |
| 2:30 | Queue | Villager (Male) |
| 3:06 | Queue | Villager (Male) |
| 3:19 | Queue | Villager (Male) |
| 3:52 | Queue | Villager (Male) |
| 3:53 | Queue | Villager (Male) |
| 4:09 | Queue | Villager (Male) |
| 4:32 | Queue | Villager (Male) |
| 5:01 | Queue | Villager (Male) |
| 5:07 | Build | Mining Camp |
| 5:30 | Research | Loom |
| 5:58 | Build | Palisade Wall |
| 5:59 | Build | Palisade Wall |
| 6:01 | Build | Palisade Wall |
| 6:13 | Research | Feudal Age |
| 6:13 | Research | Feudal Age |
| 6:49 | Build | Palisade Wall |
| 7:00 | Build | Palisade Wall |
| 7:01 | Build | Palisade Wall |
| 7:02 | Build | Palisade Wall |
| 7:13 | Build | Barracks |
| 7:27 | Build | House |
| 7:41 | Queue | Villager (Male) |
| 7:56 | Build | Palisade Wall |
| 7:57 | Build | Palisade Wall |
| 8:01 | Build | Palisade Wall |
| 8:05 | Queue | Villager (Male) |
| 8:25 | Age | Feudal Age |
| 8:26 | Build | Archery Range |
| 8:44 | Queue | Villager (Male) |
| 8:54 | Build | Mill |
| 9:05 | Queue | Archer |
| 9:10 | Queue | Villager (Male) |
| 9:32 | Build | House |
| 9:34 | Build | Palisade Wall |
| 9:36 | Build | Palisade Wall |
| 9:37 | Queue | Villager (Male) |
| 9:42 | Build | Palisade Wall |
| 9:43 | Build | Palisade Wall |
| 9:45 | Build | House |
| 9:47 | Queue | Archer |
| 10:03 | Queue | Archer |
| 10:10 | Build | House |
| 10:10 | Build | House |
| 10:13 | Queue | Archer |
| 10:14 | Research | Double-Bit Axe |
| 10:15 | Research | Double-Bit Axe |
| 10:21 | Queue | Villager (Male) |
| 10:23 | Queue | Archer |
| 10:46 | Build | Farm |
| 10:50 | Queue | Archer |
| 10:57 | Queue | Villager (Male) |
| 11:15 | Build | Farm |
| 11:18 | Queue | Villager (Male) |
| 11:36 | Build | House |
| 11:38 | Build | Farm |
| 11:39 | Queue | Villager (Male) |
| 11:45 | Build | Farm |
| 11:55 | Queue | Villager (Male) |
| 11:59 | Queue | Archer |
| 12:07 | Build | House |
| 12:09 | Queue | Villager (Male) |
| 12:12 | Build | Farm |
| 12:16 | Build | Farm |
| 12:23 | Build | Farm |
| 12:41 | Build | Farm |
| 12:44 | Queue | Villager (Male) |
| 12:44 | Queue | Archer |
| 12:54 | Build | Farm |
| 12:58 | Build | Farm |
| 13:16 | Queue | Villager (Male) |
| 13:16 | Queue | Villager (Male) |
| 13:18 | Build | Farm |
| 13:32 | Queue | Villager (Male) |
| 13:33 | Queue | Archer |
| 13:43 | Queue | Villager (Male) |
| 14:00 | Build | Stable |
| 14:03 | Queue | Villager (Male) |
| 14:22 | Research | Horse Collar |
| 14:23 | Queue | Villager (Male) |
| 14:40 | Build | House |
| 15:00 | Build | Blacksmith |
| 15:04 | Queue | Scout Cavalry |
| 15:04 | Queue | Scout Cavalry |
| 15:05 | Queue | Villager (Male) |
| 15:06 | Queue | Villager (Male) |
| 15:29 | Build | Farm |
| 15:35 | Research | Fletching |
| 15:37 | Queue | Villager (Male) |
| 15:38 | Queue | Villager (Male) |
| 15:39 | Build | Farm |
| 15:45 | Queue | Scout Cavalry |
| 15:51 | Queue | Archer |
| 15:51 | Queue | Archer |
| 16:01 | Queue | Villager (Male) |
| 16:05 | Build | Farm |
| 16:11 | Build | Farm |
| 16:16 | Queue | Scout Cavalry |
| 16:22 | Build | Farm |
| 16:43 | Build | Farm |
| 16:46 | Build | Farm |
| 17:04 | Queue | Villager (Male) |
| 17:08 | Build | Mining Camp |
| 17:21 | Build | Lumber Camp |
| 17:30 | Build | House |
| 17:30 | Build | House |
| 17:30 | Build | House |
| 17:46 | Research | Wheelbarrow |
| 17:50 | Build | House |
| 18:06 | Build | Palisade Wall |
| 18:10 | Build | Palisade Gate |
| 18:56 | Build | Palisade Wall |
| 19:03 | Build | Archery Range |
| 19:15 | Build | House |
| 19:15 | Build | House |
| 19:16 | Build | House |
| 19:17 | Build | House |
| 19:17 | Build | House |
| 19:24 | Research | Castle Age |
| 19:44 | Queue | Skirmisher |
| 19:45 | Queue | Skirmisher |
| 19:47 | Queue | Skirmisher |
| 20:06 | Queue | Skirmisher |
| 20:07 | Queue | Skirmisher |
| 20:22 | Research | Padded Archer Armor |
| 20:30 | Queue | Skirmisher |
| 20:33 | Build | House |
| 20:39 | Queue | Skirmisher |
| 20:46 | Build | House |
| 20:47 | Build | House |
| 20:56 | Research | Gold Mining |
| 20:56 | Research | Gold Mining |
| 21:00 | Queue | Skirmisher |
| 21:19 | Queue | Skirmisher |
| 21:19 | Queue | Skirmisher |
| 21:24 | Build | House |
| 21:30 | Queue | Skirmisher |
| 21:55 | Queue | Villager (Male) |
| 22:04 | Age | Castle Age |
| 22:06 | Research | Bodkin Arrow |
Match timeline
| 4:22 | Nobody · first_building Barracks |
| 5:58 | Hannibal · wall_segment Palisade Wall x1 |
| 5:59 | Hannibal · wall_segment Palisade Wall x1 |
| 6:01 | Hannibal · wall_segment Palisade Wall x1 |
| 6:49 | Hannibal · wall_segment Palisade Wall x1 |
| 7:00 | Hannibal · wall_segment Palisade Wall x1 |
| 7:01 | Hannibal · wall_segment Palisade Wall x1 |
| 7:02 | Hannibal · wall_segment Palisade Wall x1 |
| 7:13 | Hannibal · first_building Barracks |
| 7:55 | Nobody · wall_segment Palisade Wall x5 |
| 7:56 | Hannibal · wall_segment Palisade Wall x2 |
| 7:57 | Hannibal · wall_segment Palisade Wall x1 |
| 8:01 | Hannibal · wall_segment Palisade Wall x1 |
| 8:25 | Hannibal · age_up feudal |
| 8:26 | Hannibal · first_building Archery Range |
| 8:57 | Nobody · wall_segment Palisade Wall x7 |
| 9:16 | Nobody · age_up feudal |
| 9:21 | Nobody · first_building Archery Range |
| 9:34 | Hannibal · wall_segment Palisade Wall x1 |
| 9:36 | Hannibal · wall_segment Palisade Wall x1 |
| 9:42 | Hannibal · wall_segment Palisade Wall x1 |
| 9:43 | Hannibal · wall_segment Palisade Wall x1 |
| 10:24 | Nobody · wall_segment Palisade Wall x4 |
| 11:16 | Nobody · wall_segment Palisade Wall x1 |
| 11:18 | Nobody · wall_segment Palisade Wall x1 |
| 12:54 | Nobody · wall_segment Palisade Wall x1 |
| 14:00 | Hannibal · first_building Stable |
| 17:53 | Nobody · wall_segment Palisade Wall x1 |
| 18:06 | Hannibal · wall_segment Palisade Wall x5 |
| 18:56 | Hannibal · wall_segment Palisade Wall x12 |
| 22:04 | Hannibal · age_up castle |
| 23:57 | Nobody · age_up castle |
| 26:06 | Nobody · resign |
[ AI ANALYSIS · 1 CREDIT ]
What really happened in this match?
Wolo.gg analyzes every decision: build order, eco, micro, common mistakes by bracket. Personalized analysis on WhatsApp or Discord in 30 seconds.
Civ guide
Japanese
Perfil
Jugador #25836919